 Dungeon Crawl Stone Soup version 0.28-b1-25-g9875b3fc8c (webtiles) character file.

Game seed: 16904691847362591183

62 hawla the Conjurer (level 3, 0/20 HPs)
             Began as a Deep Elf Conjurer on Jan 31, 2022.
             Slain by a frilled lizard (2 damage)
             ... on level 3 of the Dungeon on Feb 2, 2022.
             The game lasted 00:05:13 (2542 turns).

hawla the Conjurer (Deep Elf Conjurer)              Turns: 2542, Time: 00:05:13

Health: 0/20       AC:  2    Str:  6    XL:     3   Next: 85%
Magic:  10/10      EV: 12    Int: 22    God:
Gold:   43         SH:  0    Dex: 13    Spells: 7/10 levels left

rFire   . . .      SeeInvis .   (no weapon)
rCold   . . .      Faith    .   (no shield)
rNeg    . . .      Spirit   .   a - +0 robe
rPois   .          Reflect  .   (no helmet)
rElec   .          Harm     .   (no cloak)
rCorr   .          Rampage  .   (no gloves)
Will    .....                   (no boots)
Stlth   ++........              (no amulet)
HPRegen 0.06/turn               (no ring)
MPRegen 0.12/turn               (no ring)

@: no status effects
A: no striking features
a: no special abilities


You were on level 3 of the Dungeon.
You visited 1 branch of the dungeon, and saw 3 of its levels.

You collected 43 gold pieces.

Inventory:

Missiles
 e - 3 poisoned darts
Armour
 a - a +0 robe (worn)
Potions
 c - a potion of flight
 d - a potion of cancellation {unknown}
 g - a potion of attraction {unknown}


   Skills:
 - Level 1.0 Fighting
 - Level 2.4 Dodging
 - Level 2.4 Stealth
 + Level 4.0 Spellcasting
 + Level 4.9 Conjurations
 + Level 1.8 Translocations


You had 7 spell levels left.
You knew the following spells:

 Your Spells              Type           Power      Damage    Failure   Level
a - Magic Dart            Conj           100%       1d8       1%          1
b - Searing Ray           Conj           52%        2d6       2%          2

Your spell library contained the following spells:

 Spells                   Type           Power      Damage    Failure   Level
 Dazzling Flash           Conj/Hex       30%        N/A       12%         3
 Call Imp                 Summ           4%         N/A       17%         2
 Mephitic Cloud           Conj/Pois/Air  11%        N/A       17%         3
 Iskenderun's Mystic Bla  Conj/Tloc      19%        2d6       28%         4
 Fulminant Prism          Conj/Hex       7%         3d7       38%         4


Dungeon Overview and Level Annotations

Branches:
Dungeon (3/15)

Altars:

Annotations:
D:3 Grinder


Message History

Grinder is moderately wounded. (Press . to maintain the ray.)
The searing ray hits Grinder.
Grinder is heavily wounded.
The searing ray hits Grinder!
Grinder is severely wounded.
Grinder gestures at you. Pain shoots through your body!
The searing ray hits Grinder.
Grinder is severely wounded.
You finish channelling your searing ray.
Press: ? - help, v - describe, . - travel
Here: Grinder (severely wounded)
The floor.
Casting: Searing Ray (safe; 2% risk of failure)
Confirm with . or Enter, or press ? or * to list all spells.
Aiming: Searing Ray (safe; 2% risk of failure)
Press: ? - help, Shift-Dir - straight line, f/p - Grinder
Aim: Grinder (severely wounded, 77% to hit)
The searing ray hits Grinder.
Grinder is severely wounded. (Press . to maintain the ray.)
The searing ray hits Grinder.
Grinder is severely wounded.
Grinder gestures at you.
You suddenly lose the ability to move!
Grinder hits you.
You writhe in agony.
A frilled lizard comes into view.
Grinder hits you.
* * * LOW HITPOINT WARNING * * *
You writhe in agony.
* * * LOW HITPOINT WARNING * * *
The frilled lizard hisses angrily.
Grinder blinks!
Grinder says, "Mostly I couldn't keep them alive."
The frilled lizard bites you but does no damage.
You can move again.
It was a potion of magic.
Magic courses through your body. The frilled lizard bites you.
You die...

,* *,,*,,,,,,,*,,,,,,,,,,*
,* *,,*,,,,,,,#..#,,,,,,,*
,***,,*,,,,,,,#..#**,,,,**
,,,,,,****^*##*..# *,,,,*
*****,,,,,,,,....# **,*,**
* ******,,,*.#.## *,,,,* *
*,,,**,...# ***,,*
*********.######l5# *,,*
,,,,,,,,,.......@.# *,,*
*********########.# *,,*
****,,,,,,,,..# #.# *,,*
,,,,,*******#.# #.#
*,,****** ****,* #.# #.#
*,,,,,,,* ****,* #.# #.#
**,****,* ,,**,*
#####.###.# *,* *,* *,**,*
#.........# *,* *,* *,**,*
#.###.#######***,* *,*


You could see Grinder and a frilled lizard.

Vanquished Creatures
  2 adders (D:2)
  A worm (D:2)
  A dart slug (D:1)
  4 ball pythons
  7 endoplasms
  A giant cockroach (D:1)
  2 goblins
  4 hobgoblins
  4 quokkas
  2 frilled lizards (D:1)
  3 kobolds
  3 rats (D:1)
  A spectral kobold (D:1)
35 creatures vanquished.

Vanquished Creatures (others)
  6 plants (D:2)
6 creatures vanquished.

Grand Total: 41 creatures vanquished

Notes
Turn   | Place    | Note
-------+----------+-------------------------------------------
     0 | D:1      | hawla the Deep Elf Conjurer began the quest for the Orb.
     0 | D:1      | Reached XP level 1. HP: 10/10 MP: 6/6
   255 | D:1      | Reached XP level 2. HP: 16/16 MP: 4/8
   258 | D:1      | Learned a level 2 spell: Searing Ray
   578 | D:1      | Found a faded altar of an unknown god.
   582 | D:1      | Reached skill level 1 in Translocations
  1133 | D:2      | Reached XP level 3. HP: 20/20 MP: 6/10
  1215 | D:2      | Reached skill level 1 in Fighting
  2528 | D:3      | Noticed Grinder
  2536 | D:3      | Paralysed by Grinder for 6 turns
  2538 | D:3      | HP: 1/20 [Grinder (5)]
  2542 | D:3      | Slain by a frilled lizard

Illustrated notes

Levels and vault maps discovered:
D:1:      saegor_arrival_simple_a, layout_basic,
          dreamdust_ecumenical_altar_drowned_temple, minivault_23
D:2:      layout_loops_ring, serial_bayou, serial_bayou_shore_b,
          serial_bayou_shore_b, serial_bayou_pond_b, serial_bayou_lagoon_b
D:3:      layout_loops_ring, lemuel_tele_altar, uniq_terence, uniq_grinder

Skill      XL: |  1  2  3 |
---------------+----------+-----
Translocations | 1 |  1.8
Fighting       | 1 |  1.0
Spellcasting   | 4 |  4.0
Dodging        | |  2.4
Stealth        | |  2.4
Conjurations   | |  4.9

Action                   || total
-------------------------++-------
Melee: Unarmed           ||     1
 Cast: Magic Dart        ||    33
       Searing Ray       ||    23
  Use: Scroll            ||     4
       Potion            ||     1
Armor: Robe              ||     3
Dodge: Dodged            ||     4
